 Dungeon Crawl Stone Soup version 0.21-a0-531-gacddea6 (webtiles) character file.

44 kibaces the Firebug (level 3, -5/19 HPs)
             Began as a Deep Elf Fire Elementalist on Dec 13, 2017.
             Killed by divine providence
             ... invoked by an orc priest
              (12 damage)
             ... on level 3 of the Dungeon.
             The game lasted 00:03:56 (1503 turns).

kibaces the Firebug (Deep Elf Fire Elementalist)    Turns: 1503, Time: 00:03:56

Health: -5/19      AC:  3    Str:  5    XL:     3   Next: 41%
Magic:  6/10       EV: 13    Int: 20    God:
Gold:   157        SH:  0    Dex: 15    Spells: 3/9 levels left

rFire    + . .     SeeInvis .   (no weapon)
rCold    . . .     Gourm    .   (no shield)
rNeg     . . .     Faith    .   a - +0 robe
rPois    .         Spirit   .   (no helmet)
rElec    .         Reflect  .   e - +0 cloak
rCorr    .         Harm     .   (no gloves)
MR       .....                  (no boots)
Stlth    ++........             (no amulet)
HPRegen  0.06/turn              o - ring of protection from fire
MPRegen  0.12/turn              (no ring)

@: no status effects
A: no striking features
a: no special abilities


You were on level 3 of the Dungeon.
You were not hungry.

You visited 1 branch of the dungeon, and saw 3 of its levels.

You collected 157 gold pieces.

Inventory:

Armour
 a - a +0 robe (worn)
 e - a +0 cloak (worn)
Jewellery
 j - an uncursed ring of see invisible {unknown}
 o - a ring of protection from fire (left hand)
Scrolls
 d - a scroll of magic mapping {unknown}
 k - 2 scrolls of remove curse {unknown}
 l - 3 scrolls of identify {unknown}
 m - a scroll of amnesia {unknown}
 q - a scroll of enchant weapon {unknown}
 r - a scroll of immolation {unknown}
Potions
 h - a potion of haste {unknown}
 i - 2 potions of agility {unknown}
 n - a potion of invisibility {unknown}
 p - 2 potions of resistance {unknown}
 t - 2 potions of curing {unknown}
Books
 b - a book of Flames

   Spells                             Type                      Level
   a - Flame Tongue                   Conjuration/Fire             1
   b - Throw Flame                    Conjuration/Fire             2
   c - Conjure Flame                  Conjuration/Fire             3
   d - Inner Flame                    Hexes/Fire                   3
   e - Sticky Flame                   Conjuration/Fire             4
   f - Fireball                       Conjuration/Fire             5
Comestibles
 c - a bread ration
 f - a chunk of flesh
 g - a royal jelly
 s - 4 fruits


   Skills:
 + Level 2.6 Dodging
 + Level 2.8 Stealth
 + Level 3.7 Spellcasting
 + Level 1.6 Conjurations
 + Level 4.1 Fire Magic


You had 3 spell levels left.
You knew the following spells:

 Your Spells              Type           Power        Failure   Level  Hunger
a - Flame Tongue          Conj/Fire      ###..        4%          1    None
b - Throw Flame           Conj/Fire      ###...       6%          2    ##.....
c - Conjure Flame         Conj/Fire      ###.....     12%         3    ###....


Dungeon Overview and Level Annotations

Branches:
Dungeon (3/15)

Altars:
Xom


Message History

The flame tongue hits the hobgoblin.
You kill the hobgoblin!
Casting: Flame Tongue
Confirm with . or Enter, or press ? or * to list all spells.
You can't see any susceptible monsters within range! (Use Z to cast anyway.)
An orc priest comes into view. It is wielding a hand axe.
Casting: Flame Tongue
Confirm with . or Enter, or press ? or * to list all spells.
Aiming: Flame Tongue
Press: ? - help, Shift-Dir - straight line, f - goblin
Aim: a goblin The flame tongue misses the goblin.
The orc priest shouts!
You hear a shout!
The orc priest calls down the wrath of Beogh upon you.
Beogh smites you!
Ouch! That really hurt!
The orc priest mumbles some strange prayers to Beogh against you.
Beogh smites you!
Ouch! That really hurt!
You die...

#.##### # #.#...#
#. #.#...# #..
#.#...# #...
#.#...# #....
#.#...#
#.....####.#...#
#o.)..g.....#
#######@#..[# #.#
#.#...# #.#
#.#...# #.#
#.#...# #.#
#.#.### #.# #.#.#
#.# #.#.# #.#
..#.######.#######
#...............


You could see an orc priest and a goblin.

Vanquished Creatures
  An adder (D:2)
  2 dart slugs
  2 ball pythons
  A giant cockroach (D:3)
  4 goblins (D:1)
  5 hobgoblins
  3 jackals (D:2)
  3 bats (D:2)
  3 frilled lizards
  A kobold (D:1)
  5 rats
30 creatures vanquished.

Notes
Turn   | Place    | Note
-------+----------+-------------------------------------------
     0 | D:1      | kibaces the Deep Elf Fire Elementalist began the quest for the Orb.
     0 | D:1      | Reached XP level 1. HP: 10/10 MP: 6/6
   245 | D:1      | Reached XP level 2. HP: 15/15 MP: 6/8
   642 | D:1      | Learned a level 2 spell: Throw Flame
   868 | D:2      | Found a shimmering altar of Xom.
  1153 | D:2      | Reached XP level 3. HP: 19/19 MP: 5/10
  1201 | D:2      | Reached skill level 4 in Fire Magic
  1329 | D:3      | Learned a level 3 spell: Conjure Flame
  1503 | D:3      | Killed from afar by an orc priest

Vault maps used:
D:1:      saegor_arrival_simple_f
D:2:      xom_teletrap_fun
D:3:      grunt_temple_overflow_open, first_bread

Skill      XL: |  1  2  3 |
---------------+----------+-----
Fire Magic     | 4 |  4.1
Dodging        | |  2.6
Stealth        | |  2.8
Spellcasting   | |  3.7
Conjurations   | |  1.6

Action                   || total
-------------------------++-------
Melee: Unarmed           ||     1
 Cast: Flame Tongue      ||    46
       Throw Flame       ||     8
  Eat: Chunk             ||     2
Armor: Robe              ||     7
Dodge: Dodged            ||    15

Table legend:
 A = Spawn XP
 B = Non-spawn XP
 C = Spawn XP percentage of total XP
 D = Spawn monster count
 E = Non-spawn monster count
 F = Spawn count percentage of total count
 G = Total turns spent on level
                    A         B        C        D         E        F      G
               +---------+---------+-------+---------+---------+-------+---------
         Total |       0 |      64 |   0.0 |       0 |      30 |   0.0 |  1503
               +---------+---------+-------+---------+---------+-------+---------
           D:1 |       0 |      27 |   0.0 |       0 |      15 |   0.0 |   715
           D:2 |       0 |      29 |   0.0 |       0 |      10 |   0.0 |   595
           D:3 |       0 |       8 |   0.0 |       0 |       5 |   0.0 |   193
               +---------+---------+-------+---------+---------+-------+---------
